 Dungeon Crawl Stone Soup version 0.29.0-10-g45618ea6d2 (webtiles) character file.

Game seed: 16810310703285054561

48843 freelancePsychic the Alchemist (level 14, -5/67 HPs)
             Began as a Felid Abyssal Knight on Sept 1, 2022.
             Was the Champion of Lugonu.
             Slain by a tyrant leech (26 damage)
             ... on level 3 of the Lair of Beasts.
             The game lasted 01:45:23 (43337 turns).

freelancePsychic the Alchemist (FeAK)              Turns: 43337, Time: 01:45:24

Health: -5/67      AC: 15    Str:  9    XL:     14   Next: 13%
Magic:  18/25      EV: 31    Int: 16    God:    Lugonu [******]
Gold:   1702       SH:  0    Dex: 23    Spells: 2/27 levels left
                                        Lives:  0   Deaths: 4

rFire   . . .      SeeInvis +     - Unarmed
rCold   . . .      Faith    .   (shield unavailable)
rNeg    . . .      Spirit   .   (body armour unavailable)
rPois   ∞          Reflect  .   (helmet unavailable)
rElec   +          Harm     .   (cloak unavailable)
rCorr   .          Rampage  .   (gloves unavailable)
Will    ++...                   (boots unavailable)
Stlth   +++.......              z - amulet of magic regeneration
HPRegen 0.21/turn               G - ring of Doubt {Dex+6 SInv}
MPRegen 0.59/turn               l - ring of poison resistance

@: storm-form, flying
A: cleaving, insubstantial, flying, very small, (claws 1), (fangs 3), see
invisible, (speed 1), (shaggy fur 3), (stealthy paws), no weapons or thrown
items, no armour, multi-lived
a: Blinkbolt, End Transformation, Renounce Religion, Depart the Abyss, Bend
Space, Banish, Corrupt, Enter the Abyss


You were on level 3 of the Lair of Beasts.
You worshipped Lugonu.
Lugonu was exalted by your worship.
You were a lightning-filled tempest!
You visited 5 branches of the dungeon, and saw 23 of its levels.
You visited the Abyss 1 time.
You also visited: Bailey.

You collected 2097 gold pieces.
You spent 395 gold pieces at shops.

Inventory:

Jewellery
 j - a +4 ring of slaying
 l - a ring of poison resistance (right paw)
 r - a ring of magical power
 x - a ring of ice
 z - an amulet of magic regeneration (around neck)
 G - the ring of Doubt (left paw) {Dex+6 SInv}
   (You took it off an orc warrior on level 9 of the Dungeon)

   [ring of see invisible]

   Dex:       It affects your dexterity (+6).
   SInv:      It lets you see invisible.
Wands
 f - a wand of iceblast (18)
 p - a wand of digging (6)
 q - a wand of mindburst (35)
 A - a wand of quicksilver (4)
 E - a wand of flame (34)
 F - a wand of polymorph (3)
Scrolls
 e - 4 scrolls of teleportation {@r4}
 t - 4 scrolls of vulnerability
 w - a scroll of poison
 y - 2 scrolls of butterflies
 B - 3 scrolls of immolation
 C - a scroll of identify {@r1}
 D - 5 scrolls of magic mapping
Potions
 a - 5 potions of degeneration
 b - 3 potions of attraction
 c - 4 potions of berserk rage
 d - 4 potions of heal wounds {@q2}
 g - 3 potions of magic
 h - a potion of invisibility
 i - 2 potions of flight
 k - 4 potions of mutation
 m - 2 potions of might
 n - 7 potions of curing {@q1}
 o - a potion of cancellation
 s - 3 potions of brilliance
 u - 2 potions of haste {@q3}
 v - 3 potions of lignification
 H - a potion of resistance


   Skills:
 + Level 11.1 Fighting
 - Level 10.0 Dodging
 - Level 5.0 Stealth
 - Level 5.0 Unarmed Combat
 - Level 7.0 Spellcasting
 - Level 6.7 Summonings
 * Level 3.7 Translocations
 + Level 17.4 Transmutations
 + Level 14.2 Air Magic
 - Level 2.5 Poison Magic
 - Level 1.7 Invocations


You had 2 spell levels left.
You knew the following spells:

 Your Spells              Type           Power      Damage    Failure   Level
a - Call Canine Familiar  Summ           27%        N/A       2%          3
b - Summon Lightning Spi  Summ/Air       39%        N/A       1%          4
c - Manifold Assault      Tloc           17%        N/A       58%         5
d - Airstrike             Air            25%        2d(4-20)  1%          4
e - Storm Form            Tmut/Air       27%        N/A       16%         7
f - Poisonous Vapours     Pois/Air       64%        N/A       1%          2

Your spell library contained the following spells:

 Spells                   Type           Power      Damage    Failure   Level
 Beastly Appendage        Tmut           100%       N/A       0%          1
 Wereblood                Tmut           57%        N/A       0%          2
 Shock                    Conj/Air       100%       1d9       1%          1
 Summon Small Mammal      Summ           100%       N/A       1%          1
 Call Imp                 Summ           27%        N/A       1%          2
 Passwall                 Tmut/Erth      27%        N/A       1%          2
 Static Discharge         Conj/Air       28%        3-7/arc   1%          2
 Apportation              Tloc           34%        N/A       2%          1
 Blink                    Tloc           34%        N/A       4%          2
 Magic Dart               Conj           20%        1d4       12%         1
 Necrotise                Necr           20%        1d5       12%         1
 Ensorcelled Hibernation  Hex/Ice        10%        N/A       19%         2
 Spider Form              Tmut/Pois      37%        N/A       1%          3
 Swiftness                Air            50%        N/A       1%          3
 Blade Hands              Tmut           28%        N/A       1%          5
 Mephitic Cloud           Conj/Pois/Air  23%        N/A       3%          3
 Ice Form                 Ice/Tmut       33%        N/A       3%          4
 Petrify                  Tmut/Erth      33%        N/A       3%          4
 Alistair's Intoxication  Tmut/Pois      24%        N/A       5%          5
 Gell's Gravitas          Tloc           17%        N/A       9%          3
 Lesser Beckoning         Tloc           17%        N/A       9%          3
 Teleport Other           Tloc           17%        N/A       9%          3
 Dragon Form              Tmut           28%        N/A       9%          7
 Irradiate                Conj/Tmut      16%        3d17      10%         5
 Yara's Violent Unravell  Hex/Tmut       16%        3d8       10%         5
 Corpse Rot               Necr/Pois/Air  23%        N/A       12%         4
 Lightning Bolt           Conj/Air       14%        1d27      19%         5
 Passage of Golubria      Tloc           17%        N/A       26%         4
 Summon Ice Beast         Ice/Summ       16%        N/A       30%         4
 Eringya's Noxious Bog    Tmut/Pois      18%        N/A       30%         6
 Frozen Ramparts          Ice            10%        1d2       36%         3
 Ozocubu's Armour         Ice            5%         N/A       36%         3
 Tukima's Dance           Hex            5%         N/A       36%         3
 Summon Forest            Summ/Tloc      11%        N/A       38%         5
 Statue Form              Tmut/Erth      22%        N/A       47%         6
 Summon Mana Viper        Hex/Summ       16%        N/A       65%         5
 Anguish                  Hex/Necr       2%         N/A       77%         4
 Dispel Undead            Necr           5%         3d7       77%         4
 Leda's Liquefaction      Hex/Erth       2%         N/A       77%         4
 Sticky Flame             Conj/Fire      5%         2d3       77%         4
 Summon Cactus Giant      Summ           13%        N/A       77%         6
 Borgnjor's Vile Clutch   Necr/Erth      2%         N/A       98%         5
 Lee's Rapid Deconstruct  Erth           2%         3d6*      98%         5
 Metabolic Englaciation   Hex/Ice        2%         N/A       98%         5
 Dispersal                Tloc           8%         N/A       99%         6
 Iron Shot                Conj/Erth      2%         9d2       100%        6
 Simulacrum               Ice/Necr       2%         N/A       100%        6
 Malign Gateway           Summ/Tloc      11%        N/A       100%        7
 Ozocubu's Refrigeration  Ice            2%         4d8       100%        7
 Summon Horrible Things   Summ           13%        N/A       100%        8
 Portal Projectile        Hex/Tloc       Unusable   N/A       N/A         3
 Animate Armour           Summ/Erth      Unusable   N/A       N/A         4

Dungeon Overview and Level Annotations

Branches:
Dungeon (15/15)            Temple (1/1) D:6            Lair (5/5) D:8
  Swamp (1/4) Lair:3       Spider (0/4) Lair:3          Orc (1/2) D:12
 Vaults (0/5) D:13         Depths (0/4) D:15         Bailey (visited)
  Slime: Lair:4-5

Altars:
Ashenzari
Cheibriados
Dithmenos
Elyvilon
Fedhas
Gozag
Nemelex Xobeh
Okawaru
Qazlal
Sif Muna
Trog
Uskayaw
Vehumet
Wu Jian
Xom
Yredelemnul
Zin
Jiyva

Shops:
D:1 ((=   D:8 ?   D:15 *

Annotations:
D:3 exclusions: goblin and ogre
Lair:2 1 exclusion
Lair:3 exclusion: downstairs
Lair:4 exclusion: 2 oklob plants
Lair:5 2 transporters, exclusion: door, BigDaddyOpFi's ghost, journeyman MiBe
Orc:1 Jorgrun


Innate Abilities, Weirdness & Mutations

You are a lightning-filled tempest!
Your electrical attacks strike out in all directions at once.
You are incredibly evasive.
Your insubstantial body is immune to petrification, constriction, and being set on fire You are flying.
You are immune to poison.
((You have sharp claws.))
((You have razor-sharp teeth.))
You have supernaturally acute eyesight. (SInv)
((You cover ground quickly. (Speed+)))
((Your thick and shaggy fur keeps you warm. (AC +3, rC+)))
((Your paws help you pounce on unaware monsters.))
You are incapable of wielding weapons or throwing items.
You cannot wear armour.
You gain extra lives every three experience levels.


Message History

You hear a shout!
A spriggan rider comes into view. It is wielding a +0 spear.
The spriggan rider misses you.
You batter the tyrant leech!!
The tyrant leech is heavily wounded.
The spriggan rider hits you but does no damage.
You batter the tyrant leech!!
The tyrant leech is severely wounded.
The spriggan rider hits you from afar with a +0 spear!
The tyrant leech bites you!
You are too injured to fight recklessly!
You are too injured to fight recklessly!
The spriggan rider hits you from afar with a +0 spear!!
* * * LOW HITPOINT WARNING * * *
The tyrant leech bites you but does no damage.
You fly upwards.
Welcome back to the Lair of Beasts!
Level annotation: exclusion: downstairs
There is a staircase to the Swamp here.
You barely miss the tyrant leech.
The tyrant leech is severely wounded.
You hit the tyrant leech but do no damage.
The tyrant leech is severely wounded.
The tyrant leech closely misses you.
Casting: Storm Form (quite dangerous; 16% risk of failure)
Confirm with . or Enter, or press ? or * to list all spells.
Aiming: Airstrike (safe; 1% risk of failure)
Press: ? - help, Dir - move target, f - tyrant leech
Aim: a tyrant leech (thin mist, severely wounded, empty space bonus: 6/8)
The air twists around and strikes the tyrant leech!
The tyrant leech is almost dead.
The tyrant leech completely misses you.
Casting: Airstrike (safe; 1% risk of failure)
Confirm with . or Enter, or press ? or * to list all spells.
Aiming: Airstrike (safe; 1% risk of failure)
Press: ? - help, Dir - move target, f/p - tyrant leech
Aim: a tyrant leech (thin mist, severely wounded, empty space bonus: 6/8)
The air twists around and strikes the tyrant leech!
The tyrant leech is almost dead.
The tyrant leech bites you!!
You die...

#..####..##..##.#...###.P..####P#
##...............................
#................................
##...............................
#..................###..#.#.....
#............♣♣♣♣♣.#............
##...........♣♣♣♣♣♣♣..>.......#..
#............♣~§§≈≈♣..........P.#
##......##P+♣♣♣§v§♣♣♣##.P#.+#P..+
#..........#♣§§w§§♣.............
#..........#♣♣§§♣♣♣.............
##......#...#.♣♣.♣♣.............#
.................................
#P.....<........##.#.#...........
##...#.........######.........###
##...#........P.# #.#.........#.
#..............P# ###..#.......#


You could see a tyrant leech.

Vanquished Creatures
  2 dire elephants (Lair:5)
  12 hydras
  An ogre mage (D:13)
  6 centaur warriors
  3 boulder beetles
  A catoblepas (D:13)
  3 two-headed ogres
  7 death yaks
  Amaemon (D:10)
  3 skeletal warriors
  A deep elf archer (D:13)
  2 wizards
  2 deep elf pyromancers
  A deep elf zephyrmancer (D:15)
  A necromancer (D:15)
  12 ugly things
  5 cyclopes
  A centaur zombie (D:15)
  4 elephants
  The ghost of azobrab the Ruffian, a novice TrFi (D:8)
  4 black mambas
  A moth of wrath (D:13)
  A torpor snail (Lair:3)
  5 centaur skeletons
  10 cane toads
  2 gargoyles
  A yaktaur (D:15)
  4 rime drakes
  6 komodo dragons
  2 tengu conjurers (D:15)
  5 trolls
  12 polar bears
  2 tyrant leeches (Lair:3)
  6 meliai
  18 slime creatures
  A raiju (Lair:5)
  9 blink frogs
  A dream sheep (Lair:5)
  8 wyverns
  A wraith (D:6)
  20 yaks
  2 shadows
  A wyvern (shapeshifter) (D:13)
  7 basilisks
  A vampire (D:13)
  6 vampire mosquitoes (D:12)
  6 steam dragons
  4 redbacks (Lair:3)
  4 wargs (Lair:5)
  A swamp worm (Lair:3)
  12 hell hounds (Lair:5)
  4 acid dragons
  10 water moccasins
  8 orc warriors
  A swamp drake (Lair:5)
  2 ice beasts (D:7)
  11 black bears
  2 sky beasts (D:7)
  9 ogres
  14 centaurs
  14 wolves
  10 bullfrogs
  3 kobold brigands
  2 gnoll sergeants
  2 necrophages
  3 scorpions (D:4)
  2 wights (D:10)
  2 killer bees (D:9)
  A howler monkey (D:5)
  A nameless horror (D:6)
  7 electric eels (D:11)
  A crimson imp (D:10)
  8 hounds
  2 jellies (Lair:4)
  6 orc priests
  6 iguanas
  A boggart zombie (D:15)
  15 orc wizards
  A hell rat (Lair:2)
  10 gnolls
  A river rat (Lair:2)
  7 adders
  A white imp (D:6)
  An ufetubus (D:5)
  2 worms (D:13)
  4 dart slugs
  47 orcs
  9 ball pythons
  9 endoplasms
  A giant cockroach (D:4)
  8 goblins
  7 hobgoblins
  9 jackals
  11 kobolds
  5 quokkas
  5 bats
  A frilled lizard (D:1)
  9 rats
527 creatures vanquished.

Vanquished Creatures (collateral kills)
  2 hydras
  A tengu warrior (D:9)
  3 death yaks
  A swamp dragon (Lair:5)
  2 deep elf pyromancers
  7 elephants
  A naga mage (D:15)
  A torpor snail (Lair:5)
  An orange demon (D:10)
  A komodo dragon (Lair:3)
  A troll (D:7)
  2 polar bears
  A hornet (D:9)
  5 blink frogs
  7 dream sheep (Lair:5)
  3 slime creatures (D:15)
  16 yaks
  3 wyverns
  A shadow (D:9)
  3 basilisks
  Grum (D:10)
  An acid dragon (D:8)
  2 water moccasins
  4 hell hounds (Lair:5)
  3 black bears (Lair:5)
  2 orc warriors (D:9)
  A centaur (D:13)
  2 ogres (D:13)
  4 wolves
  A phantom (D:7)
  A kobold brigand (D:7)
  A bullfrog (Lair:4)
  A gnoll sergeant (D:9)
  2 necrophages (D:7)
  3 wights
  A jelly (D:6)
  A howler monkey (D:9)
  2 orc priests
  A gnoll bouda (D:9)
  2 orc wizards
  2 gnolls (D:9)
  7 orcs
  4 kobolds
111 creatures vanquished.

Vanquished Creatures (others)
  17 fungi
  70 plants
87 creatures vanquished.

Grand Total: 725 creatures vanquished

Notes
Turn   | Place    | Note
-------+----------+-------------------------------------------
     0 | Abyss:1  | freelancePsychic the Felid Abyssal Knight began the quest
                  | for the Orb.
     0 | Abyss:1  | Reached XP level 1. HP: 10/10 MP: 3/3
     1 | D:1      | Escaped the Abyss
    30 | D:1      | Found Woki Egg's Antique Weapon Emporium.
    64 | D:1      | Reached skill level 1 in Stealth
   252 | D:1      | Reached XP level 2. HP: 12/14 MP: 4/4
   699 | D:1      | Found a faded altar of an unknown god.
  1141 | D:1      | Found Uklico's Jewellery Boutique.
  1156 | D:1      | Reached skill level 1 in Transmutations
  1255 | D:1      | Found Ugog's Weapon Shoppe.
  1519 | D:2      | Reached XP level 3. HP: 17/17 MP: 5/5
  1682 | D:2      | Identified the +8 sling of Currency {venom, rElec rPois}
  1910 | D:2      | You fall into a shaft and drop 1 floor!
  1921 | D:3      | Reached *** piety under Lugonu
  2023 | D:3      | Identified the +8 whip of the Hills {venom, Dex+5}
  2638 | D:3      | Noticed an ogre
  2896 | D:3      | Reached XP level 4. HP: 17/21 MP: 6/6
  2988 | D:3      | Found a stormy altar of Qazlal.
  3152 | D:3      | Reached skill level 2 in Transmutations
  3153 | D:3      | Found a radiant altar of Vehumet.
  3451 | D:3      | Learned a level 3 spell: Spider Form
  3796 | D:4      | Reached skill level 1 in Poison Magic
  3832 | D:4      | Noticed an ogre
  4175 | D:4      | Noticed a scorpion
  4266 | D:4      | Noticed a scorpion
  4269 | D:5      | Entered Level 5 of the Dungeon
  4270 | D:5      | Noticed a black bear
  4279 | D:4      | Noticed an ogre
  4736 | D:4      | Killed a scorpion
  4737 | D:4      | Reached skill level 1 in Spellcasting
  4737 | D:4      | Reached skill level 3 in Transmutations
  4737 | D:4      | Reached XP level 5. HP: 24/24 MP: 7/7
  4806 | D:4      | Killed an ogre
  4807 | D:4      | Gained mutation: You are covered in thick fur. (AC +2)
                  | [Felid growth]
  4807 | D:4      | Reached XP level 6. HP: 28/28 MP: 7/9
  4813 | D:4      | Reached skill level 4 in Transmutations
  5440 | D:4      | Reached XP level 7. HP: 31/31 MP: 7/11
  5510 | D:4      | Reached skill level 1 in Summonings
  5510 | D:4      | Reached skill level 1 in Air Magic
  5558 | D:4      | Reached **** piety under Lugonu
  5958 | D:5      | Learned a level 4 spell: Summon Lightning Spire
  5971 | D:5      | Identified the +7 flail of Bina {flame, *Corrode rF+ rN+
                  | Dex+2}
  5985 | D:5      | Learned a level 2 spell: Poisonous Vapours
  6645 | D:1      | Bought a ring of poison resistance for 260 gold pieces
  7830 | D:5      | Found a basalt altar of Yredelemnul.
  8336 | D:6      | Found an iron altar of Okawaru.
  8354 | D:6      | Found a staircase to the Ecumenical Temple.
  8365 | Temple   | Entered the Ecumenical Temple
  8532 | D:6      | Reached XP level 8. HP: 16/34 MP: 4/13
  8977 | D:6      | Found a blossoming altar of Fedhas.
  9199 | D:6      | Reached skill level 5 in Stealth
  9465 | D:6      | Found a shadowy altar of Dithmenos.
 10405 | D:7      | Found a flagged portal.
 10415 | Bailey   | Entered a bailey
 10965 | D:7      | Reached skill level 5 in Summonings
 11053 | D:8      | Found a shimmering altar of Xom.
 11053 | D:8      | Found a white marble altar of Elyvilon.
 11056 | D:8      | Found a hide-covered altar of Uskayaw.
 11056 | D:8      | Found an opulent altar of Gozag.
 11092 | D:8      | Found Nuplum's Magic Scroll Emporium.
 11100 | D:8      | Bought a scroll of fear for 60 gold pieces
 11384 | D:8      | Identified the +6 giant club "Muppeqyi" {flame, rC+++ Str-2
                  | Stlth+}
 11384 | D:8      | Identified the +12 great mace "Mumiq" {vorpal, rPois rF+}
 11384 | D:8      | Noticed a two-headed ogre
 11384 | D:8      | Noticed azobrab's ghost (novice TrFi)
 11385 | D:8      | Found a transporter.
 11385 | D:8      | Found a transporter.
 11425 | D:8      | Reached skill level 5 in Air Magic
 12066 | D:7      | Reached XP level 9. HP: 30/39 MP: 2/14
 12225 | D:7      | Noticed a nameless horror
 12312 | D:7      | Noticed a troll
 12930 | D:8      | Shot with a bolt by an orc warrior
 12931 | D:8      | Reached XP level 8. HP: 0/36 MP: 7/13
 14187 | D:9      | Reached skill level 5 in Fighting
 14363 | D:9      | Reached XP level 9. HP: 20/40 MP: 11/15
 14663 | D:9      | Noticed a centaur warrior
 14664 | D:9      | Noticed a boulder beetle
 15232 | D:9      | HP: 2/40 [gnoll sergeant/+2 spear of flaming (3)]
 15427 | D:9      | Found a shimmering blue altar of Sif Muna.
 15722 | D:9      | Noticed a five-headed hydra
 15800 | D:8      | Reached ***** piety under Lugonu
 15990 | D:8      | Noticed a komodo dragon
 16009 | D:8      | Killed a komodo dragon
 16895 | D:6      | Reached skill level 5 in Transmutations
 17042 | D:7      | Reached skill level 5 in Spellcasting
 17305 | D:7      | Noticed a gargoyle
 17312 | D:7      | Noticed a gargoyle
 17394 | D:7      | Killed a troll
 17395 | D:7      | Reached XP level 10. HP: 44/44 MP: 4/18
 17428 | D:7      | Learned a level 4 spell: Airstrike
 17497 | D:7      | Found a sparkling altar of Nemelex Xobeh.
 17558 | D:7      | Noticed a gargoyle
 17860 | D:8      | Found a staircase to the Lair.
 18557 | D:9      | Noticed a purple ugly thing
 18636 | D:10     | Entered Level 10 of the Dungeon
 18639 | D:10     | Found a snail-covered altar of Cheibriados.
 18739 | D:9      | Reached skill level 5 in Dodging
 18935 | D:10     | Reached skill level 6 in Transmutations
 19487 | D:9      | Killed a purple ugly thing
 19517 | D:9      | Killed a five-headed hydra
 20137 | D:9      | Identified the ring of Doubt {Dex+6 SInv}
 20213 | D:9      | Reached XP level 11. HP: 38/48 MP: 8/21
 20589 | D:9      | Reached skill level 7 in Transmutations
 21075 | D:10     | Noticed a two-headed ogre
 21092 | D:10     | Killed a two-headed ogre
 21286 | D:10     | Reached skill level 10 in Air Magic
 21710 | D:10     | Reached skill level 8 in Transmutations
 21790 | D:10     | Found an ornate altar of the Wu Jian Council.
 21809 | D:10     | Noticed Grum
 21817 | D:10     | Killed Grum
 22185 | D:10     | Found a broken altar of Ashenzari.
 22290 | D:10     | Noticed Amaemon
 22361 | D:10     | Killed Amaemon
 22616 | D:10     | Noticed a wizard
 22627 | D:10     | Killed a wizard
 22969 | D:11     | Reached skill level 9 in Transmutations
 23084 | D:11     | Learned a level 7 spell: Storm Form
 23196 | D:11     | Noticed a two-headed ogre
 23201 | D:11     | Killed a two-headed ogre
 23324 | D:11     | Noticed a skeletal warrior
 23641 | D:11     | Noticed a skeletal warrior
 23742 | D:11     | Killed from afar by an electric eel
 23743 | D:11     | Reached XP level 10. HP: -5/47 MP: 6/20
 23790 | D:11     | Noticed a seven-headed hydra
 24067 | D:11     | Killed a seven-headed hydra
 24068 | D:11     | Reached XP level 11. HP: 50/50 MP: 6/21
 24467 | D:11     | Noticed a skeletal warrior
 24470 | D:11     | Killed a skeletal warrior
 24471 | D:11     | Reached skill level 10 in Transmutations
 24643 | D:9      | Noticed a tengu warrior
 24660 | D:9      | Killed a tengu warrior
 24970 | Lair:1   | Entered Level 1 of the Lair of Beasts
 25641 | Lair:1   | Reached skill level 11 in Transmutations
 26951 | Lair:2   | Reached skill level 12 in Transmutations
 26951 | Lair:2   | Gained mutation: Your thick and shaggy fur keeps you warm.
                  | (AC +3, rC+) [Felid growth]
 26951 | Lair:2   | Reached XP level 12. HP: 56/56 MP: 20/22
 27108 | Lair:2   | Identified the +4 hand axe "Hydraslayer" {holy, Str+3
                  | Int+2}
 27281 | Lair:2   | Noticed an eight-headed hydra
 27489 | Lair:2   | Noticed a four-headed hydra
 27504 | Lair:2   | Killed a four-headed hydra
 27695 | Lair:3   | Found a hole to the Spider Nest.
 27843 | Lair:3   | Noticed a four-headed hydra
 27857 | Lair:3   | Killed a four-headed hydra
 27899 | Lair:3   | Noticed a four-headed hydra
 27909 | Lair:3   | Killed a four-headed hydra
 27983 | Lair:3   | Identified a scroll of acquirement
 27984 | Lair:3   | Acquired a book of the Hunter
 27990 | Lair:3   | Learned a level 3 spell: Call Canine Familiar
 28009 | Lair:3   | Noticed a six-headed hydra
 28019 | Lair:3   | Killed a six-headed hydra
 28314 | Lair:3   | Noticed a death yak
 28418 | Lair:3   | Reached skill level 13 in Transmutations
 28681 | Lair:3   | Noticed a death yak
 28686 | Lair:3   | Noticed a death yak
 28710 | Lair:3   | Killed a death yak
 28722 | Lair:3   | Killed a death yak
 28734 | Lair:3   | Noticed a death yak
 28782 | Lair:3   | Killed a death yak
 28831 | Lair:3   | Killed a death yak
 28932 | Lair:3   | Found a staircase to the Swamp.
 29284 | Lair:4   | Noticed a five-headed hydra
 29314 | Lair:4   | You fall into a shaft and drop 1 floor!
 29314 | Lair:5   | Entered Level 5 of the Lair of Beasts
 29318 | Lair:5   | Found a transporter.
 29418 | Lair:5   | Mangled by a cane toad
 29419 | Lair:5   | Reached XP level 11. HP: -9/54 MP: 30/30
 29425 | Lair:5   | Noticed a five-headed hydra
 29430 | Lair:5   | Killed a five-headed hydra
 29441 | Lair:5   | Reached XP level 12. HP: 58/58 MP: 7/22
 29509 | Lair:5   | Found a transporter.
 29628 | Lair:5   | Reached skill level 14 in Transmutations
 29720 | Lair:5   | Noticed a four-headed hydra
 29720 | Lair:5   | Noticed BigDaddyOpFi's ghost (journeyman MiBe)
 29841 | Lair:5   | Noticed an anaconda
 30058 | Lair:5   | Noticed an eight-headed hydra
 30064 | Lair:5   | Killed an eight-headed hydra
 30179 | Lair:5   | Noticed a death yak
 30186 | Lair:5   | Noticed a death yak
 30187 | Lair:5   | Killed a death yak
 30192 | Lair:5   | Noticed a death yak
 30193 | Lair:5   | Killed a death yak
 30194 | Lair:5   | Noticed a death yak
 30209 | Lair:5   | Noticed a death yak
 30210 | Lair:5   | Noticed a death yak
 30280 | Lair:5   | Killed a death yak
 30370 | Lair:5   | Killed a death yak
 30391 | Lair:5   | Killed a death yak
 30391 | Lair:5   | Reached ****** piety under Lugonu
 30443 | Lair:5   | Killed a death yak
 31189 | Lair:5   | Reached skill level 15 in Transmutations
 31329 | Lair:5   | Reached XP level 13. HP: 61/61 MP: 21/23
 31874 | Lair:5   | Identified the +5 bardiche of the Wolf {venom, rN+ MP+9
                  | Str-5}
 32543 | Lair:5   | Noticed a dire elephant
 32555 | Lair:5   | Noticed a dire elephant
 32617 | Lair:5   | Killed a dire elephant
 32656 | Lair:5   | Killed a dire elephant
 32872 | Lair:5   | Noticed a fire dragon
 33457 | Lair:4   | Reached skill level 16 in Transmutations
 33652 | Lair:4   | Noticed a quicksilver ooze
 34188 | Lair:4   | Found a viscous altar of Jiyva.
 34564 | D:8      | Acquired 749 gold pieces
 35125 | D:8      | Killed azobrab's ghost
 35744 | D:11     | Found the +2 ratskin cloak {*Rats rPois rN+ Str-1 Int-1
                  | Dex+1}
 35917 | D:12     | Reached skill level 10 in Dodging
 35950 | D:12     | Found a staircase to the Orcish Mines.
 36337 | D:12     | Reached skill level 1 in Translocations
 36337 | D:12     | Reached XP level 14. HP: 65/65 MP: 24/24
 37005 | D:13     | Reached skill level 10 in Fighting
 37789 | D:13     | Learned a level 5 spell: Manifold Assault
 38201 | Orc:1    | Entered Level 1 of the Orcish Mines
 38214 | Orc:1    | Noticed Jorgrun
 38763 | D:13     | Found a bloodstained altar of Trog.
 40187 | D:13     | Found a gate to the Vaults.
 40787 | D:14     | Reached skill level 17 in Transmutations
 41596 | D:15     | Entered Level 15 of the Dungeon
 41783 | D:15     | Found a shimmering blue altar of Sif Muna.
 42104 | D:15     | Shot with a bolt by a yaktaur
 42105 | D:15     | Reached XP level 13. HP: -9/62 MP: 33/33
 42105 | D:15     | Acquired a Grand Grimoire
 42107 | D:15     | Acquired the Almanac of Geometric Transformation
 42223 | D:15     | Noticed a fire dragon
 42620 | D:15     | Reached XP level 14. HP: 60/66 MP: 23/25
 42671 | D:15     | Reached skill level 5 in Unarmed Combat
 42680 | D:15     | Found a staircase to the Depths.
 42937 | D:15     | Found Seejewn's General Store.
 42942 | D:15     | Bought a potion of heal wounds for 75 gold pieces
 43323 | Swamp:1  | Entered Level 1 of the Swamp
 43337 | Lair:3   | Slain by a tyrant leech

Illustrated notes

Levels and vault maps discovered:
D:1:      ncdulo_wetmaze, layout_loops_cross, serial_shops, shop,
          nicolae_shop_hallway_plus, shop, shapermc_ecumenical_altar_ellora
D:2:      layout_rooms, minmay_box_of_dots
D:3:      layout_loops_ring, mainiacjoe_overflow_catwalk,
          nicolae_overflow_crystal_walls
D:4:      layout_loops_cross
D:5:      kennysheep_big_flooded_room, layout_basic, lemuel_round_altar
D:6:      layout_basic, mainiacjoe_overflow_chevrons,
          mainiacjoe_overflow_24_doors, okawaru_metal_pillars_1_2,
          minmay_temple_entry_gardened_gates, interstate_on_off
D:7:      cheibrodos_statue_roulette, layout_loops_ring, kennysheep_little_box,
          enter_bailey_4, minmay_crystal_water
D:8:      layout_rooms, mainiacjoe_overflow_alcove_3, erik_lair_dragon,
          serial_shops, nicolae_shop_temple_entry_statues_fountains,
          gammafunk_ghost_smash
D:9:      nzn_winding_woodlands_medium [nzn_winding_woodlands_hourglass,
          nzn_winding_woodlands_5x15_lazy_stream,
          nzn_winding_woodlands_5x5_perimeter, nzn_winding_woodlands_5x5_three,
          nzn_winding_woodlands_center_garden,
          nzn_winding_woodlands_5x5_closed_star,
          nzn_winding_woodlands_5x5_checkerboard,
          nzn_winding_woodlands_5x15_garden, nzn_winding_woodlands_5x5_default],
          layout_long_grid, lemuel_crystal_altar
D:10:     layout_cave_pools, lemuel_crystal_altar, kennysheep_mini,
          cheibrodos_ashenzari_chains, lightli_wizard_tower, uniq_grum,
          uniq_amaemon
D:11:     layout_basic
D:12:     layout_roguey, david_orc_3, dk_noncrumbling_4,
          chequers_decorated_corner
D:13:     layout_loops_ring, hangedman_vaults_entry_quadrant_bands, tgw_trog
D:14:     layout_basic, minivault_19
D:15:     grunt_enter_depths_magical_seal, layout_grid_maze, led_sif_pool,
          serial_shops, shop
Temple:   nicolae_temple_great_sept
Lair:1:   layout_regular_city, grunt_megastairs_5, serial_bayou_shore_b,
          infiniplex_staircase_pool_2
Lair:2:   lemuel_ratsnest, layout_layer_cave
Lair:3:   layout_chaotic_city, minmay_swamp_entry_worms, spider_nest_entry_a,
          serial_bayou_pond_a
Lair:4:   layout_roguey, minmay_slime_entry_oklob_open,
          nicolae_lair_time_for_slime, serial_bayou_shore_b, grunt_megastairs_3
Lair:5:   guppyfry_lair_end_dragon, layout_cave_shapes,
          hangedman_lair_caniforms_friends, nzn_ghost_randoct,
          nicolae_lair_lakeside_cave
Swamp:1:  layout_basic_swamp, gammafunk_ghost_cemetery,
          infiniplex_staircase_pool, swamp_pool1
Orc:1:    layout_caves, uniq_jorgrun

Skill      XL: |  1  2  3  4  5  6  7  8  9 10 11 12 13 14 |
---------------+-------------------------------------------+-----
Stealth        | 2 3 4 5 |  5.0
Transmutations | 1 3 4 5 6 12 15 16 17 | 17.4
Poison Magic   | 1 2 |  2.5
Spellcasting   | 1 2 3 5 6 7 |  7.0
Summonings     | 3 5 6 |  6.7
Air Magic      | 3 6 8 9 12 13 14 | 14.2
Fighting       | 5 8 9 11 | 11.1
Dodging        | 4 5 7 10 | 10.0
Translocations | 1 3 |  3.7
Unarmed Combat | 5 |  5.0
Invocations    | |  1.7

Action                   |  1- 3 |  4- 6 |  7- 9 | 10-12 | 13-15 || total
-------------------------+-------+-------+-------+-------+-------++-------
Melee: Unarmed           |   123 |   124 |   219 |    58 |   291 ||   815
       Bite              |     9 |     4 |     5 |     6 |     2 ||    26
       Punch             |       |     2 |       |     4 |    14 ||    20
 Cast: Spider Form       |       |     7 |    43 |     7 |       ||    57
       Poisonous Vapours |       |       |   168 |   129 |    22 ||   319
       Summon Lightning  |       |       |    23 |   106 |    46 ||   175
       Airstrike         |       |       |       |   348 |   353 ||   701
       Call Canine Famil |       |       |       |     6 |     9 ||    15
       Storm Form        |       |       |       |       |    37 ||    37
Invok: Bend Space        |     1 |       |       |       |       ||     1
 Abil: End Transformatio |       |     1 |    11 |     1 |     3 ||    16
       Blinkbolt         |       |       |       |       |    21 ||    21
Evoke: Wand              |       |       |     2 |     6 |       ||     8
  Use: Scroll            |       |     7 |    10 |    18 |    21 ||    56
       Potion            |       |     2 |     1 |       |     1 ||     4
 Stab: Sleeping          |     9 |     5 |     4 |     1 |       ||    19
       Distracted        |       |     1 |     2 |     2 |     2 ||     7
Armor: Skin              |     7 |    11 |    20 |     5 |    77 ||   120
Dodge: Dodged            |   109 |    79 |   278 |    93 |   416 ||   975
